AoeStats
← Reinforcement

Golden Pit

503189641Analyzed
1v1 RM · 1mo ago on Aug 30, 2026· 30m 18s· 2 players
Game mode
Random Map
Map size
Tiny (2 player)
Population
200
Speed
Normal
Resources
Standard
Victory
Conquest
Starting age
Dark Age
Ending age
Imperial Age
RankedLock teamsTeams togetherTeam positionsShared explorationLock speedFull tech treeHidden civsTurbo modeCheats
Victory
Defeat
🇷🇸 Franks · Serbia
915
+16
🇦🇷 Khmer · Argentina
919
-16
Reinforcement
8:29 Loom
10:36 Feudal Age
11:41 Double-Bit Axe
18:48 Wheelbarrow
20:30 Scale Barding Armor
22:26 Castle Age
23:06 Forging
24:27 Chain Barding Armor
24:48 Iron Casting
24:34 Chain Barding Armor
25:04 Husbandry
CarloMagno
1:32 Loom
8:10 Feudal Age
11:49 Horse Collar
13:15 Double-Bit Axe
13:56 Gold Mining
20:56 Castle Age
23:54 Husbandry
25:27 Light Cavalry
26:17 Bloodlines
Connection lost

Rejoining the realm…

Still unreachable

The connection could not be restored.

Session expired

The server has moved on; the page needs a fresh start.